AoeStats
← ceu

Highland

505525453Analyzed
3v3 RM · 22d ago on Sep 9, 2026· 71m 16s· 6 players
Game mode
Random Map
Map size
Normal (6 player)
Population
200
Speed
Normal
Resources
Standard
Victory
Conquest
Starting age
Dark Age
Ending age
Imperial Age
RankedLock teamsTeams togetherTeam positionsShared explorationLock speedFull tech treeHidden civsTurbo modeCheats
Victory
Defeat
🇩🇪 Teutons · Germany
881
+9
🇮🇹 Byzantines · Italy
789
+12
🇩🇪 Magyars · Germany
751
+14
🇧🇬 Byzantines · Bulgaria
802
-36
🇧🇬 Cumans · Bulgaria
799
-36
🇷🇺 Bulgarians · Russia
513
-5
aleksbg02
11:31 Feudal Age
12:55 Wheelbarrow
12:12 Double-Bit Axe
15:32 Horse Collar
21:30 Castle Age
22:59 Heavy Plow
24:19 Hand Cart
25:35 Caravan
28:50 Ballistics
28:23 Fletching
28:34 Padded Archer Armor
28:42 Gold Mining
28:42 Stone Mining
30:02 Bow Saw
30:36 Gold Shaft Mining
35:10 Imperial Age
34:21 Thumb Ring
34:32 Steppe Husbandry
35:42 Loom
37:08 Chemistry
36:06 Bodkin Arrow
36:26 Leather Archer Armor
35:34 Elite Kipchak
37:21 Crop Rotation
39:09 Masonry
39:32 Ring Archer Armor
39:08 Scale Barding Armor
39:35 Parthian Tactics
39:24 Bloodlines
38:49 Elite Steppe Lancer
41:53 Two-Man Saw
40:54 Murder Holes
41:25 Chain Barding Armor
42:07 Cuman Mercenaries
43:45 Conscription
65:35 Plate Barding Armor
65:15 Forging
Divko01
1:08 Loom
15:53 Feudal Age
17:17 Wheelbarrow
17:10 Double-Bit Axe
18:27 Gold Mining
21:27 Horse Collar
21:40 Stone Mining
28:58 Castle Age
27:27 Scale Barding Armor
27:34 Forging
29:56 Hand Cart
30:10 Chain Barding Armor
29:57 Heavy Plow
30:35 Gold Shaft Mining
30:36 Stone Shaft Mining
30:19 Bow Saw
31:16 Caravan
32:14 Iron Casting
31:59 Squires
31:49 Arson
35:50 Murder Holes
36:07 Masonry
36:20 Ballistics
35:53 Heated Shot
36:54 Devotion
41:21 Imperial Age
39:42 Thumb Ring
39:08 Pikeman
41:31 Elite Konnik
43:38 Plate Barding Armor
44:05 Blast Furnace
42:58 Fletching
43:09 Padded Archer Armor
44:59 Bodkin Arrow
45:39 Crop Rotation
45:54 Architecture
45:54 Heresy
45:35 Stirrups
48:22 Conscription
48:39 Parthian Tactics
48:38 Heavy Cavalry Archer
49:21 Bracer
53:11 Halberdier
Lyubo04
3:27 Loom
12:00 Feudal Age
12:34 Horse Collar
12:41 Double-Bit Axe
22:49 Castle Age
21:32 Gold Mining
21:37 Stone Mining
22:46 Forging
23:43 Heavy Plow
23:54 Bow Saw
24:22 Caravan
27:00 Scale Barding Armor
36:31 Imperial Age
35:24 Iron Casting
35:10 Chain Barding Armor
34:42 Fletching
34:54 Padded Archer Armor
34:19 Crossbowman
35:09 Thumb Ring
38:13 Conscription
37:51 Elite Cataphract
40:36 Bodkin Arrow
40:57 Leather Archer Armor
41:44 Two-Man Saw
43:00 Crop Rotation
43:10 Arbalester
45:13 Chemistry
44:33 Ballistics
44:26 Fortified Wall
51:33 Pikeman
52:13 Squires
58:54 Halberdier
flavioroma88
3:23 Loom
13:22 Feudal Age
19:55 Double-Bit Axe
21:27 Wheelbarrow
28:39 Castle Age
26:51 Horse Collar
28:36 Bloodlines
28:24 Fletching
28:54 Gold Mining
29:57 Heavy Plow
30:13 Bow Saw
30:58 Stone Mining
32:01 Thumb Ring
34:16 Hand Cart
34:48 Gold Shaft Mining
36:42 Scale Barding Armor
36:41 Padded Archer Armor
36:56 Caravan
41:58 Imperial Age
40:25 Scale Barding Armor
40:19 Bodkin Arrow
42:12 Ballistics
43:52 Chemistry
43:21 Conscription
43:04 Recurve Bow
42:55 Heavy Cavalry Archer
45:26 Murder Holes
47:29 Elite Magyar Huszar
48:50 Chain Barding Armor
49:22 Hoardings
48:55 Corvinian Army
51:26 Parthian Tactics
53:10 Plate Barding Armor
52:36 Bracer
52:55 Leather Archer Armor
57:19 Two-Man Saw
59:50 Ring Archer Armor
ceu
0:36 Loom
11:01 Feudal Age
12:48 Wheelbarrow
11:56 Horse Collar
12:06 Double-Bit Axe
12:04 Horse Collar
12:42 Fishing Lines
18:22 Gold Mining
18:22 Stone Mining
21:11 Town Watch
23:29 Castle Age
22:46 Fletching
23:07 Forging
22:57 Scale Mail Armor
23:03 Scale Barding Armor
23:24 Arson
24:46 Hand Cart
24:44 Bow Saw
24:36 Heavy Plow
25:15 Stone Shaft Mining
24:41 Gillnets
25:59 Bloodlines
26:09 Caravan
26:37 Town Watch
27:03 Bodkin Arrow
30:24 Iron Casting
30:10 Chain Barding Armor
30:07 Chain Mail Armor
29:46 Pikeman
30:27 Squires
34:23 Imperial Age
31:54 Town Patrol
32:43 Masonry
32:53 Ballistics
32:24 Heated Shot
32:44 Fortified Wall
34:25 Gambesons
36:18 Blast Furnace
36:21 Two-Man Saw
35:54 Crop Rotation
35:56 Plate Mail Armor
36:01 Plate Barding Armor
36:37 Chemistry
36:03 Siege Engineers
36:05 Cavalier
37:10 Conscription
37:44 Hoardings
38:07 Halberdier
39:21 Crenellations
40:46 Elite Teutonic Knight
41:48 Ironclad
41:49 Paladin
48:15 Onager
51:12 Siege Onager
Pippo Franco
3:24 Loom
14:14 Feudal Age
15:41 Wheelbarrow
14:54 Double-Bit Axe
17:48 Gold Mining
23:15 Castle Age
24:26 Bow Saw
24:20 Squires
25:01 Hand Cart
26:11 Stone Mining
26:56 Gold Shaft Mining
30:55 Fortified Wall
31:08 Ballistics
33:23 Imperial Age
33:06 Husbandry
36:07 Two-Man Saw
35:20 Scale Barding Armor
35:17 Padded Archer Armor
35:07 Fletching
35:18 Cavalier
36:56 Stone Shaft Mining
37:58 Chemistry
36:57 Bodkin Arrow
38:40 Leather Archer Armor
38:39 Bracer
39:01 Chain Barding Armor
39:44 Conscription
40:07 Paladin
41:08 Pikeman
42:00 Treadmill Crane
42:15 Murder Holes
42:28 Scale Mail Armor
44:49 Ring Archer Armor
44:37 Chain Mail Armor
44:46 Fervor
45:19 Plate Barding Armor
44:55 Forging
46:15 Plate Mail Armor
47:08 Thumb Ring
48:43 Iron Casting
48:40 Shipwright
48:40 Careening
49:57 Hoardings
49:50 Heavy Cavalry Archer
49:54 Elite Skirmisher
51:43 Elite Cataphract
57:10 Caravan
58:56 Logistica
Connection lost

Rejoining the realm…

Still unreachable

The connection could not be restored.

Session expired

The server has moved on; the page needs a fresh start.